[Event "Fagernes Chess GM-Swiss 2025"]
[Site "Fagernes"]
[Date "2025.04.16"]
[Round "5.1"]
[White "Jumabayev, Rinat"]
[Black "Raja Rithvik R"]
[Result "1/2-1/2"]
[Annotator "TA"]
[ECO "A13"]
[WhiteElo "2549"]
[BlackElo "2538"]
[PlyCount "40"]
[EventDate "2025.04.12"]
[EventCountry "NOR"]
[SourceTitle "playchess.com"]
[Source "ChessBase"]
[SourceQuality "1"]
[TimeControl "40/6000+30:2400+30"]

1. Nf3 d5 2. g3 Nf6 3. Bg2 c5 4. O-O e6 5. c4 d4 6. e3 Nc6 7. exd4 cxd4 8. d3 h6 {[%emt 0:00:17] A13: English Opening: 1...e6.} 9. Na3 Bxa3 {[%emt 0:00:44] The position is equal.} 10. bxa3 O-O 11. Re1 Re8 $1 12. Bf4 Ng4 $1 13. Ne5 {[%emt 0:28:27] Not much happened in this game.   Weighted Error Value: White=0.08 (flawless) /Black=0.03 (flawless)   Inaccurate:     	White=1     	---        OK:         	White=2     	Black=1      Best:        	---       	Black=1      Strong:       	---       	Black=2} (13. Nxd4 Nxd4 14. h3 (14. Qxg4 $2 {is the wrong capture.} e5 $19) 14... e5 $17) 13... Ngxe5 $146 14. Bxe5 f6 15. Bf4 e5 16. Bd2 Bf5 17. Rb1 Qd7 18. Qf3 Rab8 19. Qd5+ Qf7 20. Qxf7+ Kxf7 {½-½ Jones,G (2639)-Vidit,S (2739) London Classic 14th 2024 (3)} 1/2-1/2

[Event "Fagernes Chess GM-Swiss 2025"]
[Site "Fagernes"]
[Date "2025.04.16"]
[Round "5.2"]
[White "Kvaloy, Aksel Bu"]
[Black "Urkedal, Frode Olav Olsen"]
[Result "0-1"]
[Annotator "TA"]
[ECO "E01"]
[WhiteElo "2481"]
[BlackElo "2550"]
[PlyCount "96"]
[EventDate "2025.04.12"]
[EventCountry "NOR"]
[SourceTitle "playchess.com"]
[Source "ChessBase"]
[SourceQuality "1"]
[TimeControl "40/6000+30:2400+30"]

1. d4 Nf6 2. c4 e6 3. g3 d5 4. Bg2 Bb4+ 5. Nd2 Nc6 6. Ngf3 {[%emt 0:05:52] E01: Catalan: Early deviations.} a5 7. O-O a4 8. Qc2 {[%emt 0:02:17] White is slightly better.} O-O 9. Rd1 Bd7 10. c5 $146 (10. a3 $14 Be7 11. e4) (10. Nb1 Be7 11. cxd5 exd5 12. Nc3 Nb4 13. Qb1 g6 14. Bh6 Re8 15. Ne5 Bf5 16. Qc1 {1-0 Yilmaz,M (2634)-Oparin,G (2683) Chess.com Rapid Wk19 Swiss 2022 (2)}) 10... a3 11. bxa3 Bxa3 12. Bxa3 Rxa3 13. Nb1 Ra8 14. Nc3 b6 15. cxb6 cxb6 16. Ne5 Rc8 17. Nxc6 Rxc6 18. Qb2 Qc7 19. Nb5 Rc2 20. Qb3 Qc4 21. Qxc4 Rxc4 22. Na3 Rc3 23. Nb1 Rc2 24. Bf3 Ra8 {[%emt 0:07:51] Black has strong rooks and is better Inhibits Na3.} 25. a3 (25. Kf1 $17) 25... g5 (25... b5 $1 $19 {and ...b4 should not be overlooked} 26. Rd2 Rc1+ 27. Kg2 g5) 26. Nd2 $17 g4 27. Bg2 b5 28. e4 {[%emt 0:10:10] [#]} (28. Nb3 $1 $15) 28... b4 $1 $36 {[%emt 0:00:16][%mdl 2560] Keeping White busy. Black is much more active.} 29. e5 (29. Nf1 bxa3) 29... Ne8 30. Nf1 (30. a4 $142) 30... bxa3 $19 (30... Rxa3 31. Ne3 Rcc3 32. Bf1) 31. Ne3 Rb2 32. Nxg4 (32. Nc4 $142 Rb3 33. Ra2) 32... a2 33. Ne3 Nc7 34. Bf1 Bb5 35. Bxb5 (35. Rdc1 $142 Bxf1 36. Rxf1) 35... Nxb5 36. Kg2 Nc3 37. Rdc1 Rb1 38. Rxa2 Rxa2 ({And not} 38... Rxc1 39. Rxa8+ Kg7 40. Rc8 $16) 39. Rxc3 {[%emt 0:00:07][%mdl 4096] Endgame KRR-KRN} h5 {[%emt 0:00:31] Wards off Ng4} 40. g4 Rbb2 41. gxh5 Rxf2+ 42. Kg3 Rxh2 43. Rc8+ $2 (43. Ng4 Rag2+ (43... Rxh5 $2 {too greedy.} 44. Nf6+ Kg7 45. Nxh5+ $18) 44. Kf4 (44. Kf3 $2 Rh3+ 45. Kxg2 Rxc3 $19)) 43... Kg7 {[%emt 0:00:07] Black is clearly winning.} 44. Ng4 Rxh5 45. Nf6 Ra3+ 46. Kg4 {[%emt 0:01:54] [#]} Rh8 47. Nh5+ {[%emt 0:01:34] [#]} Rxh5 $1 48. Kxh5 Rd3 {[%emt 0:00:18] Weighted Error Value: White=0.39/Black=0.13 (very precise)   Mistake:       	White=7     	Black=1      Inaccurate:     	White=2     	Black=3      OK:         	White=16    	Black=21     Best:        	White=2     	Black=1      Brilliant:      	---       	Black=2} 0-1

[Event "Fagernes Chess GM-Swiss 2025"]
[Site "Fagernes"]
[Date "2025.04.16"]
[Round "5.3"]
[White "Makhnev, Denis"]
[Black "Dotzer, Lukas"]
[Result "1/2-1/2"]
[Annotator "TA"]
[ECO "E21"]
[WhiteElo "2537"]
[BlackElo "2453"]
[PlyCount "33"]
[EventDate "2025.04.12"]
[EventCountry "NOR"]
[SourceTitle "playchess.com"]
[Source "ChessBase"]
[SourceQuality "1"]
[TimeControl "40/6000+30:2400+30"]

1. d4 Nf6 2. c4 e6 3. Nc3 Bb4 4. Nf3 Bxc3+ 5. bxc3 d6 6. Qc2 O-O 7. e4 {[%emt 0:07:59] Black should prevent e5.} e5 8. Bd3 Nc6 9. O-O exd4 10. cxd4 Bg4 {[%emt 0:00:16] Hoping for ...Bxf3.} 11. d5 Nb4 12. Qc3 Bxf3 {[%emt 0:02:27] The position is equal.} 13. Qxb4 Bxe4 14. Bxe4 Nxe4 15. Qxb7 Nc5 16. Qb4 Nd3 17. Qc3 {[%emt 0:00:17] A rather calm draw.   Weighted Error Value: White=0.02 (flawless) /Black=0.02 (flawless) .  OK:         	White=4     	Black=8      Best:        	White=1     	---} 1/2-1/2

[Event "Fagernes Chess GM-Swiss 2025"]
[Site "Fagernes"]
[Date "2025.04.16"]
[Round "5.4"]
[White "Ghasi, Ameet K"]
[Black "Johansson, Linus"]
[Result "1/2-1/2"]
[Annotator "RC"]
[ECO "A05"]
[WhiteElo "2502"]
[BlackElo "2392"]
[PlyCount "112"]
[EventDate "2025.04.12"]
[EventCountry "NOR"]
[SourceTitle "playchess.com"]
[Source "ChessBase"]
[SourceQuality "1"]
[TimeControl "40/6000+30:2400+30"]

1. Nf3 Nf6 2. g3 b6 3. Bg2 Bb7 4. d3 g6 5. O-O Bg7 6. e4 d6 7. Re1 O-O 8. Nbd2 c5 9. c3 Nc6 10. d4 cxd4 11. cxd4 Rc8 12. a3 Nd7 13. Nb3 e5 14. Bg5 Bf6 15. Bh6 Bg7 16. Bg5 Bf6 17. Bh6 Bg7 18. Qd2 Qe7 19. Rad1 Bxh6 20. Qxh6 Nxd4 21. Nbxd4 exd4 22. Nxd4 Ne5 23. h3 Rc5 24. g4 f6 25. f4 Nc6 26. Nf3 Rc2 27. Rd2 Rxd2 28. Nxd2 Nd4 29. Qh4 g5 30. Qg3 gxf4 31. Qxf4 Qe5 32. Qxe5 dxe5 33. Nc4 Ba6 34. Ne3 Rc8 35. Kf2 Nc2 36. Rc1 Nxe3 37. Rxc8+ Bxc8 38. Kxe3 Kg7 39. Bf1 Kg6 40. Kf3 Bb7 41. Bd3 Bc6 42. b4 Kg7 43. Kg3 h6 44. Kh4 Ba4 45. Kg3 a5 46. Kh4 Bb3 47. Kg3 Ba4 48. Kh4 Bc6 49. Kg3 Kg6 50. Kh4 Bb7 51. Kg3 Kg5 52. h4+ Kg6 53. Kf3 Bc6 54. Be2 Kg7 55. Ke3 Kf8 56. Kf3 Bd7 1/2-1/2

[Event "Fagernes Chess GM-Swiss 2025"]
[Site "Fagernes"]
[Date "2025.04.16"]
[Round "5.5"]
[White "Willow, Jonah B"]
[Black "Moksh Amit Doshi"]
[Result "1/2-1/2"]
[Annotator "RC"]
[ECO "C85"]
[WhiteElo "2471"]
[BlackElo "2369"]
[PlyCount "61"]
[EventDate "2025.04.12"]
[EventCountry "NOR"]
[SourceTitle "playchess.com"]
[Source "ChessBase"]
[SourceQuality "1"]
[TimeControl "40/6000+30:2400+30"]

1. e4 e5 2. Nf3 Nc6 3. Bb5 a6 4. Ba4 Nf6 5. O-O Be7 6. Bxc6 dxc6 7. d3 Bd6 8. Nbd2 Be6 9. d4 Nd7 10. dxe5 Nxe5 11. Nxe5 Bxe5 12. f4 Bd4+ 13. Kh1 f6 14. c3 Bb6 15. f5 Bf7 16. e5 fxe5 17. Qg4 Qd5 18. Ne4 O-O-O 19. Bg5 h5 20. Qf3 Rde8 21. Rfd1 Qa5 22. a4 Bb3 23. Rd3 c5 24. Qh3 Kb8 25. Nd2 c4 26. Nxc4 Qc5 27. Nxb6 Qxb6 28. Rd7 g6 29. Rd2 gxf5 30. Qxf5 e4 31. a5 1/2-1/2

[Event "Fagernes Chess GM-Swiss 2025"]
[Site "Fagernes"]
[Date "2025.04.16"]
[Round "5.7"]
[White "Kreken, Eivind Grunt"]
[Black "Ghosh, Diptayan"]
[Result "0-1"]
[Annotator "TA"]
[ECO "B10"]
[WhiteElo "2326"]
[BlackElo "2573"]
[PlyCount "78"]
[EventDate "2025.04.12"]
[EventCountry "NOR"]
[SourceTitle "playchess.com"]
[Source "ChessBase"]
[SourceQuality "1"]
[TimeControl "40/6000+30:2400+30"]

1. e4 c6 2. c4 d5 3. cxd5 cxd5 4. exd5 Nf6 5. Qa4+ Nbd7 6. Nc3 g6 7. Nf3 Bg7 {[%emt 0:00:04][%mdl 1024] Black has compensation.} 8. Bc4 O-O 9. d3 a6 {[%emt 0:00:04] [#] Hoping for ...b5.} 10. Qa3 {[%emt 0:00:11] The position is equal.} b6 11. O-O Bb7 12. Re1 Re8 13. Bd2 Bf8 (13... b5 $5 14. Bb3 $8 Bf8 $11) 14. d4 b5 15. Qb3 Nb6 16. Be2 Nbxd5 17. a4 b4 18. Nxd5 Bxd5 19. Qxb4 e6 20. Qa5 Qb8 21. b4 Ne4 22. b5 Bd6 23. h3 axb5 24. Qxb5 Nxd2 (24... Ra7 {simplifies} 25. Qxb8 Rxb8 26. Rec1 Nxd2 27. Nxd2 Bf4) 25. Nxd2 Bb4 26. Red1 (26. Qd3 $1 $11) 26... Bc3 $15 27. Rac1 Bxd4 {[%emt 0:02:11] Threatens to win with ...Qg3. Black is more active. A strong pair of Bishops.} 28. Nf3 Bf6 29. Rb1 Qa7 30. Qb6 (30. Qb4 $17) 30... Qxb6 $19 ({Stronger than} 30... Qxa4 31. Bb5 Qc2 32. Bxe8 Rxe8 33. Ne1 $11) 31. Rxb6 Rxa4 32. Rd6 Ra5 {[%emt 0:03:09] Prevents Bb5} 33. Rc1 Ra2 34. Kf1 Rea8 35. Rb6 Kg7 $36 {[%emt 0:00:24][%mdl 2048] Keeping White busy.} 36. Bd3 $2 {[%emt 0:01:56] [#]} (36. Rd1) 36... Bxf3 37. gxf3 Bd4 38. Rd6 Rxf2+ ({Not} 38... Bxf2 39. Rc2 Rxc2 40. Bxc2 $19) 39. Ke1 Be3 {[%emt 0:00:05] Weighted Error Value: White=0.23 (precise) /Black=0.04 (flawless) .  Mistake:       	White=3     	---        Inaccurate:     	White=4     	Black=1      OK:         	White=9     	Black=20     Best:        	White=2     	Black=5} 0-1

[Event "Fagernes Chess GM-Swiss 2025"]
[Site "Fagernes"]
[Date "2025.04.16"]
[Round "5.8"]
[White "Zhou, Yang-Fan"]
[Black "Kantor, Gergely"]
[Result "1/2-1/2"]
[Annotator "RC"]
[ECO "C54"]
[WhiteElo "2418"]
[BlackElo "2578"]
[PlyCount "52"]
[EventDate "2025.04.12"]
[EventCountry "NOR"]
[SourceTitle "playchess.com"]
[Source "ChessBase"]
[SourceQuality "1"]
[TimeControl "40/6000+30:2400+30"]

1. e4 e5 2. Nf3 Nc6 3. Bc4 Nf6 4. d3 Bc5 5. c3 d6 6. O-O a6 7. a4 h6 8. Re1 Ba7 9. Nbd2 g5 10. b4 Nh7 11. Kh1 O-O 12. Rf1 Ne7 13. Bb3 Ng6 14. Bb2 Qf6 15. Ne1 Be6 16. Rc1 c6 17. c4 Nf4 18. Ndf3 g4 19. Ng1 Ng5 20. g3 Nfh3 21. Nxh3 Nxh3 22. Qe2 h5 23. f4 gxf3 24. Nxf3 Qh6 25. Nh4 Bg4 26. Qe1 Qe6 1/2-1/2

[Event "Fagernes Chess GM-Swiss 2025"]
[Site "Fagernes"]
[Date "2025.04.16"]
[Round "5.9"]
[White "Aradhya, Garg"]
[Black "Kulaots, Kaido"]
[Result "1/2-1/2"]
[Annotator "RC"]
[ECO "E63"]
[WhiteElo "2387"]
[BlackElo "2510"]
[PlyCount "84"]
[EventDate "2025.04.12"]
[EventCountry "NOR"]
[SourceTitle "playchess.com"]
[Source "ChessBase"]
[SourceQuality "1"]
[TimeControl "40/6000+30:2400+30"]

1. d4 Nf6 2. c4 g6 3. g3 Bg7 4. Bg2 O-O 5. Nc3 Nc6 6. h3 d6 7. Nf3 a6 8. O-O Rb8 9. c5 dxc5 10. dxc5 Bf5 11. Bf4 Ne4 12. Nxe4 Bxe4 13. Qa4 Bf5 14. Rad1 Qc8 15. g4 Bd7 16. Qa3 e5 17. Bg3 Qe8 18. e4 Qe7 19. Rd2 Be6 20. Rfd1 f6 21. Qc3 Rfd8 22. g5 fxg5 23. Nxe5 Rxd2 24. Rxd2 Qe8 25. Rd1 Bf7 26. Nxc6 Bxc3 27. Nxb8 Qxb8 28. bxc3 Be6 29. Be5 Qf8 30. Bxc7 Qxc5 31. Rd8+ Kf7 32. Bd6 Qxc3 33. e5 Qc1+ 34. Kh2 Qf4+ 35. Kg1 Qc1+ 36. Kh2 g4 37. Rf8+ Kg7 38. hxg4 Bxg4 39. Bd5 Qd2 40. Rf7+ Kh8 41. Rf8+ Kg7 42. Rf7+ Kh8 1/2-1/2

[Event "Fagernes Chess GM-Swiss 2025"]
[Site "Fagernes"]
[Date "2025.04.16"]
[Round "5.10"]
[White "Vestby-Ellingsen, Mads"]
[Black "Rozentalis, Eduardas"]
[Result "1/2-1/2"]
[Annotator "RC"]
[ECO "C55"]
[WhiteElo "2398"]
[BlackElo "2481"]
[PlyCount "51"]
[EventDate "2025.04.12"]
[EventCountry "NOR"]
[SourceTitle "playchess.com"]
[Source "ChessBase"]
[SourceQuality "1"]
[TimeControl "40/6000+30:2400+30"]

1. e4 e5 2. Nf3 Nc6 3. Bc4 Nf6 4. d3 Be7 5. Nc3 d6 6. a4 O-O 7. O-O Be6 8. Nd5 Bxd5 9. exd5 Nb4 10. d4 e4 11. Nd2 Re8 12. c3 Nbxd5 13. Nxe4 c6 14. Nxf6+ Nxf6 15. Bd3 a5 16. Qf3 Qd7 17. Bf5 Qc7 18. Re1 d5 19. g3 g6 20. Bd3 Qd7 21. Kg2 Bf8 22. Bg5 Rxe1 23. Rxe1 Re8 24. Re2 Rxe2 25. Qxe2 Ne8 26. h4 1/2-1/2

[Event "Fagernes Chess GM-Swiss 2025"]
[Site "Fagernes"]
[Date "2025.04.16"]
[Round "5.11"]
[White "Bazakutsa, Svyatoslav"]
[Black "Grave, Jacob Templen"]
[Result "1/2-1/2"]
[Annotator "RC"]
[ECO "D35"]
[WhiteElo "2474"]
[BlackElo "2337"]
[PlyCount "87"]
[EventDate "2025.04.12"]
[EventCountry "NOR"]
[SourceTitle "playchess.com"]
[Source "ChessBase"]
[SourceQuality "1"]
[TimeControl "40/6000+30:2400+30"]

1. d4 d5 2. c4 e6 3. Nc3 Nf6 4. cxd5 exd5 5. Bf4 Bd6 6. Bxd6 Qxd6 7. e3 Bf5 8. Qf3 Be4 9. Qg3 Qb4 10. Qe5+ Kd8 11. O-O-O Re8 12. Qg3 Re6 13. Rd2 Rc6 14. Kd1 Nbd7 15. Ke1 Bg6 16. f3 Ke7 17. Nge2 Kf8 18. Kf2 Re8 19. Nf4 Nb6 20. Bd3 Bxd3 21. Nxd3 Qe7 22. Ne5 Nbd7 23. Nxd7+ Qxd7 24. Re1 Rce6 25. Rde2 Qc6 26. Kg1 Qc4 27. Qf2 c5 28. dxc5 Qxc5 29. h3 b5 30. a3 Qc4 31. Rd1 a5 32. Rd4 Qc5 33. a4 b4 34. Nb5 Rxe3 35. Rxe3 Qc1+ 36. Kh2 Rxe3 37. Rd1 Qxd1 38. Qxe3 h6 39. Qc5+ Kg8 40. Qc8+ Kh7 41. Qf5+ Kg8 42. Qc8+ Kh7 43. Qf5+ Kg8 44. Nd4 1/2-1/2

[Event "Fagernes Chess GM-Swiss 2025"]
[Site "Fagernes"]
[Date "2025.04.16"]
[Round "5.12"]
[White "Myagmarsuren, Evsuld"]
[Black "Kaasen, Tor Fredrik"]
[Result "1/2-1/2"]
[Annotator "RC"]
[ECO "C47"]
[WhiteElo "2305"]
[BlackElo "2472"]
[PlyCount "61"]
[EventDate "2025.04.12"]
[EventCountry "NOR"]
[SourceTitle "playchess.com"]
[Source "ChessBase"]
[SourceQuality "1"]
[TimeControl "40/6000+30:2400+30"]

1. e4 e5 2. Nf3 Nc6 3. Nc3 Nf6 4. d4 exd4 5. Nxd4 Bb4 6. Nxc6 bxc6 7. Bd3 d5 8. exd5 O-O 9. O-O Bg4 10. f3 Bh5 11. dxc6 Qd4+ 12. Kh1 Bxc3 13. bxc3 Qxc3 14. Bf4 Qxc6 15. Re1 Bg6 16. a4 Bxd3 17. cxd3 Nd5 18. Be5 Rfe8 19. Rc1 Qd7 20. h3 h6 21. Qc2 Rad8 22. d4 Re6 23. Qc5 f6 24. Bg3 Rxe1+ 25. Rxe1 Qxa4 26. Bxc7 Nxc7 27. Qxc7 Qxd4 28. Re7 Qd1+ 29. Kh2 Qd6+ 30. Qxd6 Rxd6 31. Rxa7 1/2-1/2

[Event "Fagernes Chess GM-Swiss 2025"]
[Site "Fagernes"]
[Date "2025.04.16"]
[Round "5.13"]
[White "Hillarp Persson, Tiger"]
[Black "Lund, Gunnar"]
[Result "1-0"]
[Annotator "RC"]
[ECO "D36"]
[WhiteElo "2462"]
[BlackElo "2341"]
[PlyCount "77"]
[EventDate "2025.04.12"]
[EventCountry "NOR"]
[SourceTitle "playchess.com"]
[Source "ChessBase"]
[SourceQuality "1"]
[TimeControl "40/6000+30:2400+30"]

1. d4 d5 2. c4 e6 3. Nc3 Nf6 4. cxd5 exd5 5. Bg5 c6 6. e3 Be7 7. Bd3 Nbd7 8. h3 O-O 9. Bf4 Re8 10. Nf3 Nf8 11. Qc2 Ng6 12. Bh2 Bd6 13. Bxd6 Qxd6 14. O-O-O Qe7 15. Kb1 Ne4 16. h4 Bf5 17. h5 Nxc3+ 18. Qxc3 Bxd3+ 19. Qxd3 Nf8 20. Rh4 Rad8 21. Rdh1 Rd6 22. Rg4 Nd7 23. Nh4 Rf6 24. Nf5 Qe6 25. Rxg7+ Kh8 26. g4 h6 27. f3 Nf8 28. Rg1 Qd7 29. e4 dxe4 30. fxe4 Ne6 31. g5 Rxf5 32. gxh6 Rf2 33. d5 cxd5 34. Qg3 Rf6 35. exd5 Qb5 36. Qg2 Qd3+ 37. Ka1 Rd8 38. Rg8+ Kh7 39. Rxd8 1-0

[Event "Fagernes Chess GM-Swiss 2025"]
[Site "Fagernes"]
[Date "2025.04.16"]
[Round "5.14"]
[White "Mitusov, Semen"]
[Black "Vijayakumar, Rishi"]
[Result "1-0"]
[Annotator "RC"]
[ECO "C58"]
[WhiteElo "2459"]
[BlackElo "2317"]
[PlyCount "89"]
[EventDate "2025.04.12"]
[EventCountry "NOR"]
[SourceTitle "playchess.com"]
[Source "ChessBase"]
[SourceQuality "1"]
[TimeControl "40/6000+30:2400+30"]

1. e4 e5 2. Nf3 Nc6 3. Bc4 Nf6 4. Ng5 d5 5. exd5 Na5 6. Bb5+ Bd7 7. Qe2 Bd6 8. Nc3 c6 9. dxc6 Nxc6 10. Nce4 Nxe4 11. Nxe4 Be7 12. c3 O-O 13. Ng3 f5 14. d3 Kh8 15. Bc4 e4 16. Bf4 Bg5 17. Qd2 Bxf4 18. Qxf4 g5 19. Qd2 Ne5 20. dxe4 f4 21. Qd4 Qc7 22. Nf1 Rad8 23. Bd5 Bb5 24. O-O-O Qg7 25. Kb1 f3 26. gxf3 Be2 27. Re1 Bd3+ 28. Ka1 Nxf3 29. Qxg7+ Kxg7 30. Rc1 Ne5 31. Rg1 Rxf2 32. Rxg5+ Kf6 33. Rg1 Rd6 34. Ne3 Rb6 35. b4 Ra6 36. Rg2 Rf3 37. Re1 b5 38. Ng4+ Nxg4 39. e5+ Nxe5 40. Bxf3 Nxf3 41. Rf2 Bc4 42. Rxf3+ Kg5 43. Rf2 Ra3 44. Rg1+ Kh4 45. Rg3 1-0

[Event "Fagernes Chess GM-Swiss 2025"]
[Site "Fagernes"]
[Date "2025.04.16"]
[Round "5.15"]
[White "Eliseev, Sergey"]
[Black "Miezis, Normunds"]
[Result "1/2-1/2"]
[Annotator "RC"]
[ECO "C09"]
[WhiteElo "2226"]
[BlackElo "2409"]
[PlyCount "104"]
[EventDate "2025.04.12"]
[EventCountry "NOR"]
[SourceTitle "playchess.com"]
[Source "ChessBase"]
[SourceQuality "1"]
[TimeControl "40/6000+30:2400+30"]

1. e4 c5 2. Nf3 e6 3. c3 d5 4. exd5 exd5 5. d4 Nc6 6. Bb5 Bd6 7. dxc5 Bxc5 8. O-O Nge7 9. Nbd2 O-O 10. Nb3 Bb6 11. Re1 Bf5 12. Bg5 f6 13. Be3 Bg4 14. Bxb6 axb6 15. Be2 Qd7 16. Nfd4 Bxe2 17. Qxe2 Ng6 18. Qe6+ Rf7 19. a3 Nge5 20. Qxd7 Rxd7 21. Re2 Kf7 22. Kf1 Nc4 23. Rd1 Re8 24. Rc2 h5 25. Nc1 g5 26. a4 Kg6 27. b3 Nd6 28. Nb5 Nxb5 29. axb5 Na7 30. c4 Rde7 31. Ra2 Nc8 32. cxd5 Nd6 33. Re2 h4 34. Rxe7 Rxe7 35. Nd3 Nxb5 36. Nb2 Nc3 37. Rd3 Ne4 38. d6 Rd7 39. Rd4 f5 40. Nc4 Kf6 41. f3 b5 42. fxe4 bxc4 43. Rxc4 Rxd6 44. exf5 Rd5 45. g4 hxg3 46. hxg3 Kxf5 47. Ke2 b5 48. Rb4 Rc5 49. Kd3 Rd5+ 50. Ke3 Re5+ 51. Kd3 Rd5+ 52. Ke3 Re5+ 1/2-1/2

[Event "Fagernes Chess GM-Swiss 2025"]
[Site "Fagernes"]
[Date "2025.04.16"]
[Round "5.16"]
[White "Melaa, Sondre"]
[Black "Olsen, William Alexander"]
[Result "1-0"]
[Annotator "RC"]
[ECO "A20"]
[WhiteElo "2344"]
[BlackElo "2188"]
[PlyCount "151"]
[EventDate "2025.04.12"]
[EventCountry "NOR"]
[SourceTitle "playchess.com"]
[Source "ChessBase"]
[SourceQuality "1"]
[TimeControl "40/6000+30:2400+30"]

1. c4 e5 2. g3 Nf6 3. Bg2 h6 4. Nf3 e4 5. Nd4 d5 6. cxd5 Qxd5 7. e3 c5 8. Nc3 Qd8 9. Nde2 Bf5 10. O-O Nc6 11. Qa4 Qa5 12. Qxa5 Nxa5 13. h3 Bd6 14. g4 Bh7 15. b3 O-O 16. Bb2 Rfd8 17. Rad1 Rd7 18. Na4 Nd5 19. Nec3 Nxc3 20. Nxc3 Re8 21. Rc1 c4 22. Nb5 cxb3 23. Bc3 b6 24. Bxa5 bxa5 25. Nxd6 Rxd6 26. axb3 Rxd2 27. Rc7 Rb2 28. Ra1 Rxb3 29. Rxa5 Bg6 30. Raxa7 h5 31. Bf1 hxg4 32. hxg4 Rbb8 33. Bc4 Rf8 34. Re7 Ra8 35. Bxf7+ Bxf7 36. Rxf7 Rxa7 37. Rxa7 Re8 38. Kg2 Kh7 39. Kg3 Kh6 40. Ra5 g6 41. Kh4 Re7 42. g5+ Kg7 43. Kg3 Kh7 44. Ra6 Re5 45. Kg4 Kg7 46. Rf6 Re8 47. Kf4 Re7 48. Rd6 Rf7+ 49. Kxe4 Rxf2 50. Rd5 Kf7 51. Ke5 Ke7 52. Rc5 Rf5+ 53. Kd4 Rf1 54. Re5+ Kf7 55. Re4 Rg1 56. Re5 Ra1 57. Kd5 Ra5+ 58. Ke4 Ra1 59. Rb5 Rg1 60. Re5 Ra1 61. Rc5 Rg1 62. Kf4 Rf1+ 63. Ke5 Rf5+ 64. Kd6 Rf3 65. Rc7+ Kf8 66. e4 Rg3 67. e5 Rd3+ 68. Ke6 Rf3 69. Rc6 Kg7 70. Kd7 Rf5 71. e6 Rd5+ 72. Rd6 Ra5 73. e7 Ra7+ 74. Ke6 Ra8 75. Rd8 Ra6+ 76. Kd5 1-0

[Event "Fagernes Chess GM-Swiss 2025"]
[Site "Fagernes"]
[Date "2025.04.16"]
[Round "5.17"]
[White "Adharsh K"]
[Black "Kittilsen, Sigurd"]
[Result "1-0"]
[Annotator "RC"]
[ECO "B90"]
[WhiteElo "2317"]
[BlackElo "2010"]
[PlyCount "71"]
[EventDate "2025.04.12"]
[EventCountry "NOR"]
[SourceTitle "playchess.com"]
[Source "ChessBase"]
[SourceQuality "1"]
[TimeControl "40/6000+30:2400+30"]

1. e4 c5 2. Nf3 d6 3. d4 cxd4 4. Nxd4 Nf6 5. Nc3 a6 6. Be3 e5 7. Nb3 Be6 8. f3 Be7 9. Qd2 h5 10. Nd5 Nxd5 11. exd5 Bf5 12. Be2 Nd7 13. O-O b5 14. a4 O-O 15. axb5 axb5 16. Bxb5 Qc7 17. Bc6 Rxa1 18. Rxa1 Nb6 19. Qa5 Bd8 20. Bf2 Bxc2 21. Qc3 e4 22. Qxc2 e3 23. Bxe3 Nxd5 24. Bd2 Bf6 25. Ra6 Rb8 26. Qd3 Ne7 27. Be4 Bxb2 28. Qxd6 Qxd6 29. Rxd6 f5 30. Bd3 Ba3 31. Ra6 Bb2 32. Bg5 Kf8 33. h4 g6 34. Bc4 Rc8 35. Be6 Rc6 36. Bxe7+ 1-0

[Event "Fagernes Chess GM-Swiss 2025"]
[Site "Fagernes"]
[Date "2025.04.16"]
[Round "5.18"]
[White "Pang, Ethan"]
[Black "Fiskaaen, Martin Holten"]
[Result "0-1"]
[Annotator "RC"]
[ECO "D02"]
[WhiteElo "2257"]
[BlackElo "2283"]
[PlyCount "94"]
[EventDate "2025.04.12"]
[EventCountry "NOR"]
[SourceTitle "playchess.com"]
[Source "ChessBase"]
[SourceQuality "1"]
[TimeControl "40/6000+30:2400+30"]

1. Nf3 d5 2. g3 Nd7 3. d4 Nb6 4. Bg2 Bf5 5. a4 a5 6. b3 e6 7. Ba3 Bxa3 8. Nxa3 h6 9. O-O Nf6 10. Ne5 O-O 11. c4 c6 12. e3 Re8 13. f3 Nbd7 14. cxd5 exd5 15. f4 Bh7 16. Nb1 Ne4 17. Nd2 Nd6 18. Bh3 Nf6 19. Ndf3 Nfe4 20. Nh4 Qb6 21. Rc1 Qc7 22. Rc2 Qe7 23. Rg2 Ra6 24. Bd7 Rd8 25. Bg4 Nf6 26. Bh3 Raa8 27. g4 Be4 28. Rgf2 Nd7 29. Ng2 f6 30. Nf3 b5 31. axb5 cxb5 32. g5 hxg5 33. fxg5 fxg5 34. Bxd7 Rxd7 35. Ne5 Rc7 36. Qh5 a4 37. bxa4 bxa4 38. h4 Qe8 39. Qxg5 a3 40. Nf4 Nf7 41. Nxf7 Qxf7 42. Ra1 Rb7 43. h5 Rb6 44. Kh2 Qb7 45. h6 Rxh6+ 46. Kg3 Qc7 47. Rfa2 Rg6 0-1

[Event "Fagernes Chess GM-Swiss 2025"]
[Site "Fagernes"]
[Date "2025.04.16"]
[Round "5.19"]
[White "Khoo-Thwe, Louis"]
[Black "Hedman, Erik"]
[Result "1/2-1/2"]
[Annotator "RC"]
[ECO "B28"]
[WhiteElo "2118"]
[BlackElo "2276"]
[PlyCount "66"]
[EventDate "2025.04.12"]
[EventCountry "NOR"]
[SourceTitle "playchess.com"]
[Source "ChessBase"]
[SourceQuality "1"]
[TimeControl "40/6000+30:2400+30"]

1. e4 c5 2. Nf3 a6 3. d4 cxd4 4. Nxd4 e5 5. Ne2 Nf6 6. Nbc3 Bc5 7. Ng3 d6 8. Be2 O-O 9. O-O h6 10. Nd5 Be6 11. c3 Nxd5 12. exd5 Bc8 13. Kh1 f5 14. f4 Nd7 15. Qc2 e4 16. b4 Bb6 17. Bb2 Nf6 18. c4 Qe7 19. Qb3 Kh7 20. Rac1 a5 21. c5 dxc5 22. bxc5 Ba7 23. Ba3 Rd8 24. c6 Qf7 25. c7 Rxd5 26. Bc4 b5 27. Bxb5 Be6 28. Bc4 Rc8 29. Bxd5 Nxd5 30. Qb2 Rxc7 31. Qe5 Bb6 32. Rxc7 Bxc7 33. Bd6 Bd8 1/2-1/2

[Event "Fagernes Chess GM-Swiss 2025"]
[Site "Fagernes"]
[Date "2025.04.16"]
[Round "5.20"]
[White "Simonsen, David Mindestrommen"]
[Black "Blomqvist, Erik"]
[Result "0-1"]
[Annotator "RC"]
[ECO "C02"]
[WhiteElo "2034"]
[BlackElo "2475"]
[PlyCount "68"]
[EventDate "2025.04.12"]
[EventCountry "NOR"]
[SourceTitle "playchess.com"]
[Source "ChessBase"]
[SourceQuality "1"]
[TimeControl "40/6000+30:2400+30"]

1. e4 e6 2. d4 d5 3. e5 c5 4. c3 Nc6 5. Nf3 Bd7 6. Be2 Rc8 7. O-O h6 8. a3 Nge7 9. Be3 Nf5 10. Nbd2 cxd4 11. cxd4 a5 12. Qb3 a4 13. Qa2 g5 14. h3 Nxe3 15. fxe3 h5 16. g4 hxg4 17. hxg4 f6 18. Bd3 Qc7 19. Kg2 Bg7 20. exf6 Bxf6 21. Rh1 Ke7 22. Rae1 Rcg8 23. Rxh8 Rxh8 24. Nf1 Na5 25. Ng3 Nb3 26. Qb1 e5 27. e4 Bxg4 28. Nxe5 Bxe5 29. dxe5 Nd2 30. Qc1 Bf3+ 31. Kf2 Rh2+ 32. Kg1 Qb6+ 33. Kxh2 Qf2+ 34. Kh3 Qg2# 0-1